 Dungeon Crawl Stone Soup version 0.23-a0-373-g305c090 (webtiles) character file.

44 BingusPrime the Skirmisher (level 3, -2/31 HPs)
             Began as a Barachi Fighter on Oct 25, 2018.
             Slain by a gnoll
             ... wielding a +0 whip
              (9 damage)
             ... on level 2 of the Dungeon.
             The game lasted 00:04:00 (999 turns).

BingusPrime the Skirmisher (Barachi Fighter)         Turns: 999, Time: 00:04:02

Health: -2/31      AC:  8    Str: 23    XL:     3   Next: 62%
Magic:  3/3        EV:  5    Int:  8    God:
Gold:   50         SH: 10    Dex: 11    Spells: 2/2 levels left

rFire    . . .     SeeInvis .   a - +1 long sword
rCold    . . .     Gourm    .   c - +0 shield
rNeg     . . .     Faith    .   b - +1 scale mail
rPois    .         Spirit   .   (no helmet)
rElec    .         Reflect  .   (no cloak)
rCorr    .         Harm     .   (no gloves)
MR       .....     Rnd*Tele +   (no boots)
Stlth    ..........             (no amulet)
HPRegen  0.10/turn              j - ring of teleportation (curse)
MPRegen  0.08/turn              i - -2 ring of evasion (curse)

@: mighty, slow
A: +LOS, swims, slowness 1, strong legs 1
a: Hop


You were on level 2 of the Dungeon.
You were hungry.

You visited 1 branch of the dungeon, and saw 2 of its levels.

You collected 50 gold pieces.

Inventory:

Hand Weapons
 a - a +1 long sword (weapon)
Missiles
 g - 42 stones (quivered)
Armour
 b - a +1 scale mail (worn)
 c - a +0 shield (worn)
Jewellery
 i - a cursed -2 ring of evasion (right hand)
 j - a cursed ring of teleportation (left hand)
Scrolls
 h - a scroll of amnesia
Potions
 e - a potion of heal wounds {unknown}
 k - a potion of curing
Comestibles
 f - 4 rations


   Skills:
 + Level 4.3 Fighting
 + Level 2.6 Long Blades
 + Level 3.9 Armour
 + Level 4.1 Shields


You had 2 spell levels left.
You didn't know any spells.
Your spell library was empty.

Dungeon Overview and Level Annotations

Branches:
Dungeon (2/15)

Altars:


Innate Abilities, Weirdness & Mutations

Shadows flee at your approach. (+LOS)
You can swim through water.
You cover ground slowly.
You can hop short distances.


Message History

You block the gnoll's attack. The gnoll hits you with a +0 whip.
* * * LOW HITPOINT WARNING * * *
The kobold throws a stone.
The stone closely misses you.
You feel better. The bat hits you but does no damage. The gnoll hits you.
* * * LOW HITPOINT WARNING * * *
You block the gnoll's attack.
The kobold throws a stone.
The stone hits you but does no damage.
You closely miss the gnoll. You block the bat's attack.
The gnoll hits you but does no damage. The gnoll barely misses you.
You slash the kobold!
You kill the kobold!
The bat barely misses you. The gnoll hits you but does no damage.
The gnoll barely misses you. You block the gnoll's attack.
You slash the gnoll!
You kill the gnoll!
Your Shields skill increases to level 4!
The bat hits you.
* * * LOW HITPOINT WARNING * * *
You block the gnoll's attack. The gnoll hits you with a +0 whip!
You die...

##################
#................#
#.##############.# #.# #†# #.#
######.#
#############.#########....#.#
...............@g.....#.##.#.#
####....#.####).####.#.#<.#.#
#....#.####b.# #.####.##
#....#.......#### #.......#
#....######.....#+#########
#)...######.#.............
#...#.†............########
######.#.#.#####.#...K.........#
).(.....<........#.#+###.#####.#


You could see a gnoll and a bat.

Vanquished Creatures
  2 gnolls (D:2)
  2 leopard geckos
  2 bats (D:1)
  A giant cockroach (D:1)
  3 goblins (D:1)
  3 hobgoblins
  2 jackals (D:2)
  A frilled lizard (D:1)
  4 kobolds
  3 rats
23 creatures vanquished.

Notes
Turn   | Place    | Note
-------+----------+-------------------------------------------
     0 | D:1      | BingusPrime the Barachi Fighter began the quest for the
                  | Orb.
     0 | D:1      | Reached XP level 1. HP: 18/18 MP: 1/1
   161 | D:1      | Reached XP level 2. HP: 20/25 MP: 2/2
   940 | D:2      | Reached XP level 3. HP: 28/30 MP: 3/3
   999 | D:2      | Slain by a gnoll

Vault maps used:
D:1:      elethiomel_arrival_quiet
D:2:      chequers_ecumenical_altar_simple, uniq_natasha

Skill      XL: |  1  2  3 |
---------------+----------+-----
Fighting       | 4 |  4.3
Shields        | 4 |  4.1
Long Blades    | |  2.6
Armour         | |  3.9

Action                   || total
-------------------------++-------
Melee: Long sword        ||    64
  Use: Scroll            ||     7
       Potion            ||     2
Armor: Scale mail        ||    56
Dodge: Dodged            ||    24
Block: Shield            ||    51
       Rpst.: Long sword ||     4

Table legend:
 A = Non-vault XP
 B = Vault XP
 C = Vault XP percentage of total XP
 D = Non-vault monster count
 E = Vault monster count
 F = Vault count percentage of total count
                 A         B        C        D         E       F
            +---------+---------+-------+---------+---------+-------
      Total |      64 |       0 |   0.0 |      23 |       0 |   0.0
            +---------+---------+-------+---------+---------+-------
        D:1 |      22 |       0 |   0.0 |      13 |       0 |   0.0
        D:2 |      42 |       0 |   0.0 |      10 |       0 |   0.0
            +---------+---------+-------+---------+---------+-------
